 Dungeon Crawl Stone Soup version 0.28.0 (webtiles) character file.

Game seed: 13060005686681490858

1596 wat the Skirmisher (level 8, -5/73 HPs)
             Began as a Minotaur Fighter on Feb 7, 2022.
             Succumbed to a hornet's poison
             ... on level 6 of the Dungeon.
             The game lasted 00:06:47 (6604 turns).

wat the Skirmisher (Minotaur Fighter)               Turns: 6604, Time: 00:06:47

Health: -5/73      AC: 12    Str: 23    XL:     8   Next: 62%
Magic:  7/7        EV:  8    Int:  5    God:
Gold:   145        SH:  5    Dex: 10    Spells: 7/7 levels left

rFire   . . .      SeeInvis +   a - +0 war axe
rCold   . . .      Faith    .   c - +0 buckler
rNeg    . . .      Spirit   .   w - +0 chain mail
rPois   .          Reflect  .   (helmet restricted)
rElec   .          Harm     .   b - +0 cloak
rCorr   .          Rampage  .   (no gloves)
Will    .....                   (no boots)
Stlth   ..........              (no amulet)
HPRegen 0.22/turn               C - ring of see invisible
MPRegen 0.10/turn               (no ring)

@: lethally poisoned (-5 -> -27), slowed, very slow
A: horns 2, retaliatory headbutt
a: no special abilities


You were on level 6 of the Dungeon.
You visited 1 branch of the dungeon, and saw 6 of its levels.

You collected 245 gold pieces.
You spent 100 gold pieces at shops.

Inventory:

Hand Weapons
 a - a +0 war axe (weapon)
 k - a +0 battleaxe
 o - the +7 long sword "Deugorry" {vorpal, rElec rF- Int+6 Stlth+}
   (You found it on level 2 of the Dungeon)

   It inflicts extra damage upon your enemies.
   Int:       It affects your intelligence (+6).
   rF:        It makes you vulnerable to fire.
   rElec:     It insulates you from electricity.
   Stlth:     It makes you more stealthy.
 y - a +0 morningstar
Missiles
 l - 47 sling bullets
 q - 5 javelins (quivered)
 r - 195 stones
 t - a throwing net
 D - 3 poisoned darts
Armour
 b - a +0 cloak (worn)
 c - a +0 buckler (worn)
 w - a +0 chain mail (worn)
Jewellery
 n - a ring of fire
 A - a ring of fire
 C - a ring of see invisible (left hand)
 E - a ring of positive energy
Wands
 d - a wand of polymorph (6)
Scrolls
 e - 2 scrolls of teleportation {unknown}
 g - 7 scrolls of identify {unknown}
 h - 3 scrolls of enchant weapon {unknown}
 m - a scroll of enchant armour {unknown}
 s - a scroll of summoning {unknown}
 x - a scroll of fog {unknown}
 z - 4 scrolls of immolation {unknown}
 F - a scroll of amnesia {unknown}
Potions
 i - a potion of curing {unknown}
 j - a potion of mutation {unknown}
 p - a potion of flight {unknown}
 u - a potion of brilliance {unknown}
 v - a potion of haste {unknown}
 B - a potion of ambrosia {unknown}
 G - a potion of might


   Skills:
 + Level 7.5 Fighting
 + Level 6.9 Axes
 + Level 7.4 Armour
 + Level 7.4 Shields


You had 7 spell levels left.
You didn't know any spells.
Your spell library contained the following spells:

 Spells                   Type           Power      Damage    Failure   Level
 Shock                    Conj/Air       0%         1d3       99%         1
 Static Discharge         Conj/Air       0%         N/A       100%        2
 Swiftness                Air            0%         N/A       100%        3
 Airstrike                Air            0%         N/A       100%        4
 Dispel Undead            Necr           0%         3d6       100%        4
 Sticky Flame             Conj/Fire      0%         2d3       100%        4
 Lightning Bolt           Conj/Air       0%         1d11      100%        5
 Maxwell's Capacitive Co  Air            0%         ∞         100%        8
 Chain Lightning          Conj/Air       0%         N/A       100%        9
 Fire Storm               Conj/Fire      0%         5d1       100%        9
 Shatter                  Erth           0%         3d5*      100%        9


Dungeon Overview and Level Annotations

Branches:
Dungeon (6/15)             Temple (0/1) D:5

Altars:
Ru
Wu Jian

Shops:
D:5 *


Innate Abilities, Weirdness & Mutations

You have a pair of horns on your head.
You reflexively headbutt those who attack you in melee.


Message History

You are more poisoned.
You shrug off the repeated paralysis!
The hornet stings you but does no damage.
You barely miss the hornet. Your headbutt misses the hornet.
You feel extremely sick. The hornet stings you!
* * * LOW HITPOINT WARNING * * *
You feel as though you will be slow longer.
You block the hornet's attack.
You closely miss the hornet.
* * * LOW HITPOINT WARNING * * *
You feel very sick.
The hornet stings you but does no damage. x2
The hornet stings you.
* * * LOW HITPOINT WARNING * * *
You feel as though you will be slow longer.
It was a potion of heal wounds.
You feel much better.
You feel very sick. The hornet stings you!
* * * LOW HITPOINT WARNING * * *
You feel as though you will be slow longer.
The hornet stings you.
* * * LOW HITPOINT WARNING * * *
You are lethally poisoned!
You suddenly lose the ability to move!
You can move again.
You slash the hornet!
The hornet is moderately wounded.
* * * LOW HITPOINT WARNING * * *
You feel extremely sick. The hornet stings you.
* * * LOW HITPOINT WARNING * * *
You feel as though you will be slow longer.
The hornet stings you.
* * * LOW HITPOINT WARNING * * *
You are more poisoned.
You feel as though you will be slow longer.
You closely miss the hornet. Your headbutt misses the hornet.
The hornet is moderately wounded.
You die...

###...<.........#
.##.#...........# #.#
....###........## ..##
...####.....#######..(#
<#...........###......
##(##..#.....##.....#
....[##............#
...)[.8.8........y#
...........#####@#
8...⌠...8..## #..###
............###....#
..⌠.⌠.⌠....#.##....###
.....................#
....⌠................#
..................##.#
8.8...8.8............#
.[....#..#...........#


You could see a hornet.

Vanquished Creatures
  A wyvern (D:5)
  An orc warrior (D:6)
  A sky beast (D:4)
  2 black bears
  A necrophage (D:4)
  3 ogres
  2 centaurs
  A phantom (D:4)
  An orc priest (D:6)
  3 hounds
  A bullfrog skeleton (D:5)
  A centaur skeleton (D:4)
  An iguana (D:5)
  An orc wizard (D:5)
  A hound skeleton (D:4)
  4 adders
  6 gnolls
  A white imp (D:6)
  2 ufetubi
  2 adder skeletons (D:4)
  A worm (D:2)
  13 dart slugs
  12 orcs
  8 endoplasms
  2 giant cockroaches
  8 goblins
  10 hobgoblins
  2 jackals (D:1)
  8 quokkas
  8 ball pythons
  10 bats
  8 frilled lizards
  12 kobolds
  5 rats
143 creatures vanquished.

Notes
Turn   | Place    | Note
-------+----------+-------------------------------------------
     0 | D:1      | wat the Minotaur Fighter began the quest for the Orb.
     0 | D:1      | Reached XP level 1. HP: 19/19 MP: 0/0
   185 | D:1      | Reached XP level 2. HP: 22/27 MP: 1/1
   804 | D:1      | Reached XP level 3. HP: 31/33 MP: 2/2
  1179 | D:2      | Reached XP level 4. HP: 41/41 MP: 3/3
  1340 | D:2      | Identified the +7 long sword "Deugorry" {vorpal, rElec rF-
                  | Int+6 Stlth+}
  2241 | D:3      | Reached XP level 5. HP: 42/47 MP: 4/4
  2485 | D:3      | Found an ornate altar of the Wu Jian Council.
  2752 | D:3      | Found a faded altar of an unknown god.
  3182 | D:4      | Noticed an ogre
  3190 | D:4      | Killed an ogre
  3191 | D:4      | Reached skill level 5 in Fighting
  3191 | D:4      | Reached skill level 5 in Armour
  3191 | D:4      | Reached skill level 5 in Shields
  3594 | D:4      | Reached XP level 6. HP: 53/56 MP: 5/5
  3876 | D:4      | Noticed a sky beast
  3886 | D:4      | Killed a sky beast
  4164 | D:4      | Reached skill level 5 in Axes
  4164 | D:4      | Reached XP level 7. HP: 54/62 MP: 6/6
  4683 | D:5      | Entered Level 5 of the Dungeon
  4727 | D:5      | Found a staircase to the Ecumenical Temple.
  5027 | D:5      | Reached XP level 8. HP: 41/71 MP: 7/7
  5310 | D:5      | Found a sacrificial altar of Ru.
  5944 | D:5      | Found Ulopt's Assorted Antiques.
  5953 | D:5      | Bought a silver ring for 100 gold pieces
  6593 | D:6      | Noticed a hornet
  6597 | D:6      | Paralysed by a hornet for 2 turns
  6602 | D:6      | Paralysed by a hornet for 1 turns
  6603 | D:6      | HP: 2/73 [hornet (5)]
  6604 | D:6      | Succumbed to a hornet's poison

Illustrated notes

Levels and vault maps discovered:
D:1:      tarquinn_simple_flora_water_f, layout_loops_ring
D:2:      layout_rooms, hangedman_decor_push
D:3:      kennysheep_slugbush, layout_basic, nzn_wu_jian_contemplation,
          hellmonk_ecumenical_altar_zigzags, dk_noncrumbling_2,
          hangedman_abyss_or_decor_stabs
D:4:      layout_loops_ring
D:5:      corexii_shack_village, layout_gridville, nicolae_ru_path_of_blood,
          minmay_temple_entry_sparse_star, serial_shops, shop,
          amcnicky_mini_corridor_feature
D:6:      layout_cave_pools, lemuel_coloured_pillars_altar, serial_column_ruins,
          column_ruins_square_large, column_ruins_square_large,
          column_ruins_columns_dead_end, column_ruins_corridor_straight,
          column_ruins_columns_straight, column_ruins_grid_1

Skill      XL: |  1  2  3  4  5  6  7  8 |
---------------+-------------------------+-----
Fighting       | 4 5 6 7 |  7.5
Armour         | 4 5 6 7 |  7.4
Shields        | 4 5 6 7 |  7.4
Axes           | 3 4 5 6 |  6.9

Action                   |  1- 3 |  4- 6 |  7- 9 || total
-------------------------+-------+-------+-------++-------
Melee: War axe           |    69 |   135 |   107 ||   311
       Headbutt          |     7 |    20 |    19 ||    46
Throw: Javelin           |       |     3 |     1 ||     4
  Use: Potion            |       |       |     2 ||     2
Armor: Scale mail        |    36 |    49 |       ||    85
       Chain mail        |       |    26 |    76 ||   102
Dodge: Dodged            |    31 |    62 |    40 ||   133
Block: Buckler           |    15 |    24 |    30 ||    69
